 Dungeon Crawl Stone Soup version 0.24.0-35-gdb84b6a5db (webtiles) character file.

Game seed: 11321384285644744525, levelgen mode: deterministic

83 Katsumi the Changer (level 4, -1/19 HPs)
             Began as a Felid Transmuter on Nov 19, 2019.
             Slain by an orc
             ... wielding a +2 hand axe of chopping
              (4 damage)
             ... on level 3 of the Dungeon.
             The game lasted 00:03:45 (4784 turns).

Katsumi the Changer (Felid Transmuter)              Turns: 4784, Time: 00:03:45

Health: -1/19      AC:  1    Str:  6    XL:     4   Next: 22%
Magic:  8/8        EV: 18    Int: 15    God:
Gold:   101        SH:  0    Dex: 17    Spells: 4/7 levels left
                                        Lives:  0   Deaths: 1

rFire    . . .     SeeInvis +     - Unarmed
rCold    . . .     Gourm    .   (shield unavailable)
rNeg     . . .     Faith    .   (armour unavailable)
rPois    .         Spirit   .   (helmet unavailable)
rElec    .         Reflect  .   (cloak unavailable)
rCorr    .         Harm     .   (gloves unavailable)
MR       .....                  (boots unavailable)
Stlth    ++........             j - amulet of rage
HPRegen  0.06/turn              (no ring)
MPRegen  0.11/turn              (no ring)

@: quick
A: very small, no armour, no weapons or thrown items, stealth, claws 1, fangs 3,
see invisible, carnivore, speed 1, shaggy fur 1, slow metabolism 1, sharp paws
a: Evoke Berserk Rage


You were on level 3 of the Dungeon.
You were not hungry.

You visited 1 branch of the dungeon, and saw 3 of its levels.

You collected 101 gold pieces.

Inventory:

Missiles
 a - 87 arrows
Jewellery
 j - an amulet of rage (around neck)
Scrolls
 b - 2 scrolls of enchant weapon {unknown}
 d - 4 scrolls of enchant armour {unknown}
 e - a scroll of identify {unknown}
 g - a scroll of remove curse {unknown}
 h - 2 scrolls of teleportation {unknown}
Comestibles
 c - 3 rations


   Skills:
 - Level 1.0 Fighting
 - Level 2.6 Dodging
 - Level 3.0 Unarmed Combat
 - Level 2.0 Spellcasting
 + Level 6.0 Transmutations


You had 4 spell levels left.
You knew the following spells:

 Your Spells              Type           Power        Failure   Level  Hunger
a - Beastly Appendage     Tmut           ###...       1%          1    #......
b - Sticks to Snakes      Tmut           ###.....     2%          2    ###....

Your spell library contained the following spells:

 Spells                   Type           Power        Failure   Level  Hunger
 Spider Form              Tmut/Pois      ##........   19%         3    ###....
 Ice Form                 Ice/Tmut       ##......     54%         4    #####..
 Blade Hands              Tmut           ###.......   45%         5    ######.


Dungeon Overview and Level Annotations

Branches:
Dungeon (3/15)

Altars:
Ashenzari


Innate Abilities, Weirdness & Mutations

You cannot wear armour.
You are incapable of wielding weapons or throwing items.
Your paws allow you to move quietly. (Stealth)
You have sharp claws.
You have razor-sharp teeth.
You have supernaturally acute eyesight. (SInv)
You are carnivorous and can eat meat at any time.
You cover ground quickly.
You are covered in fur. (AC +1)
You have a slow metabolism.
Your sharp claws are effective at attacking unaware monsters.


Message History

There is a stone staircase leading up here.
Found 19 stones. 2 orcs come into view.
An orc is wielding a +0 flail of holy wrath.
The orc shouts!
An orc comes into view.
It is wielding a +2 hand axe of chopping.
The orc shouts! x2
An orc comes into view. It is wielding a +0 short sword.
The orc moves out of view.
The orc closely misses you. The orc barely misses you.
The orc hits you with a +0 flail of holy wrath.
The orc hits you with a +2 hand axe of chopping.
The orc barely misses you. The orc barely misses you. The orc misses you.
The orc hits you with a +2 hand axe of chopping.
The orc hits you with a +0 flail of holy wrath.
* * * LOW HITPOINT WARNING * * *
The orc hits you with a +2 hand axe of chopping.
You die...

#.....+.........#
#.....####......#
#.....+ #......#
#......# .
#<.....# ..
...##......#.#.#
.................
..#.###....##.#.
# #..%..@o..#
#.....#o###
......#.#o#
......#.#o#
.......#(#.#
.......+.#.#
..... ###.# ..


You could see 4 orcs.

Vanquished Creatures
  An orc wizard (D:3)
  3 adders
  3 oozes
  3 worms (D:2)
  4 dart slugs
  A leopard gecko (D:1)
  4 orcs (D:3)
  9 bats
  A giant cockroach (D:1)
  9 goblins
  13 hobgoblins
  4 jackals (D:1)
  A quokka (D:2)
  A ball python (D:2)
  4 frilled lizards
  7 kobolds
  8 rats
76 creatures vanquished.

Notes
Turn   | Place    | Note
-------+----------+-------------------------------------------
     0 | D:1      | Katsumi the Felid Transmuter began the quest for the Orb.
     0 | D:1      | Reached XP level 1. HP: 9/9 MP: 4/4
   479 | D:1      | Reached skill level 3 in Transmutations
   483 | D:1      | Reached XP level 2. HP: 12/12 MP: 4/6
  1361 | D:1      | Reached XP level 3. HP: 13/15 MP: 7/7
  1365 | D:1      | Reached skill level 4 in Transmutations
  1456 | D:1      | Learned a level 2 spell: Sticks to Snakes
  2032 | D:2      | Found a shattered altar of Ashenzari.
  2321 | D:2      | Reached XP level 4. HP: 19/19 MP: 8/8
  2586 | D:2      | Reached skill level 5 in Transmutations
  4306 | D:3      | Reached XP level 5. HP: 8/22 MP: 7/9
  4678 | D:3      | Reached skill level 6 in Transmutations
  4689 | D:2      | HP: 1/22 [poisoned by an adder]
  4695 | D:2      | Succumbed to an adder's poison
  4696 | D:2      | Reached XP level 4. HP: 0/28 MP: 8/8
  4784 | D:3      | Slain by an orc

Levels and vault maps discovered:
D:1:      dpeg_arrival_houses_and_road, layout_basic
D:2:      minmay_inner_zag, layout_loops_corners, evilmike_ruin_ashenzari,
          first_ration
D:3:      layout_basic, nicolae_overflow_hidden_temple

Skill      XL: |  1  2  3  4  5 |
---------------+----------------+-----
Transmutations | 3 4 5 6 |  6.0
Fighting       | |  1.0
Dodging        | |  2.6
Unarmed Combat | |  3.0
Spellcasting   | |  2.0

Action                   |  1- 3 |  4- 6 || total
-------------------------+-------+-------++-------
Melee: Unarmed           |   138 |    92 ||   230
       Bite              |    11 |     5 ||    16
       Headbutt          |    21 |    14 ||    35
       Punch             |     2 |     1 ||     3
 Cast: Beastly Appendage |    39 |    25 ||    64
 Abil: Evoke Berserk Rag |     1 |     4 ||     5
  Use: Potion            |     1 |     4 ||     5
 Stab: Sleeping          |     2 |     1 ||     3
       Distracted        |       |     1 ||     1
  Eat: Chunk             |    11 |     6 ||    17
Armor: Skin              |     7 |     5 ||    12
Dodge: Dodged            |   108 |    90 ||   198
